AoeStats
← Hierro59

Four Lakes

508385986Analyzed
1v1 RM · 10d ago on Sep 22, 2026· 58m 57s· 2 players
Game mode
Random Map
Map size
Tiny (2 player)
Population
200
Speed
Normal
Resources
Standard
Victory
Conquest
Starting age
Dark Age
Ending age
Imperial Age
RankedLock teamsTeams togetherTeam positionsShared explorationLock speedFull tech treeHidden civsTurbo modeCheats
Victory
Defeat
🇲🇽 Aztecs · Mexico
969
+15
🇵🇪 Britons · Peru
956
-15
Hierro59
3:35 Loom
10:41 Feudal Age
11:25 Double-Bit Axe
12:38 Horse Collar
17:31 Castle Age
15:44 Gold Mining
16:29 Padded Archer Armor
17:08 Fletching
18:21 Forging
20:05 Crossbowman
23:16 Wheelbarrow
22:50 Town Watch
24:32 Stone Mining
24:42 Bodkin Arrow
26:23 Iron Casting
27:19 Ballistics
28:35 Scale Barding Armor
29:53 Hand Cart
38:14 Imperial Age
37:45 Yeomen
38:03 Husbandry
38:25 Chain Barding Armor
40:02 Conscription
41:01 Chemistry
40:05 Bracer
42:30 Murder Holes
42:20 Light Cavalry
43:38 Plate Barding Armor
44:03 Blast Furnace
46:50 Leather Archer Armor
52:14 Man-at-Arms
53:03 Squires
54:42 Long Swordsman
56:54 Two-Handed Swordsman
F. King Nub
1:48 Loom
12:42 Feudal Age
13:35 Double-Bit Axe
14:31 Fishing Lines
16:29 Town Watch
16:56 Horse Collar
18:15 Wheelbarrow
18:21 Horse Collar
18:55 Gold Mining
19:05 Gold Mining
21:42 Castle Age
20:42 Scale Mail Armor
20:53 Forging
23:39 Fletching
24:53 Stone Mining
25:12 Gillnets
25:39 Bow Saw
25:16 Eagle Warrior
26:29 Town Patrol
27:11 Stone Shaft Mining
27:46 Hand Cart
27:27 Pikeman
30:15 Atlatl
32:33 Sanctity
34:36 Gold Shaft Mining
36:25 Squires
36:10 Arson
38:26 Redemption
42:01 Imperial Age
41:23 Fervor
42:25 Chain Mail Armor
42:46 Iron Casting
42:27 Elite Eagle Warrior
43:33 Garland Wars
42:46 Capped Ram
44:42 Plate Mail Armor
45:15 Conscription
47:27 Blast Furnace
46:23 Bodkin Arrow
52:35 Padded Archer Armor
55:44 Treadmill Crane
57:11 Elite Jaguar Warrior
58:26 Sappers
Connection lost

Rejoining the realm…

Still unreachable

The connection could not be restored.

Session expired

The server has moved on; the page needs a fresh start.